 Dungeon Crawl Stone Soup version 0.30.0-18-gc0e69614cb (webtiles) character file.

Game seed: 16773518553688497102

646 sampeng1 the Chopper (level 7, -1/62 HPs)
             Began as a Minotaur Berserker on May 25, 2023.
             Was a Priest of Trog.
             Slain by Prince Ribbit (15 damage)
             ... on level 5 of the Dungeon.
             The game lasted 00:11:41 (2911 turns).

sampeng1 the Chopper (Minotaur Berserker)           Turns: 2911, Time: 00:11:41

Health: -1/62      AC: 10    Str: 24    XL:     7   Next: 27%
Magic:  6/6        EV: 10    Int:  4    God:    Trog [***...]
Gold:   141        SH:  5    Dex:  9    Spells: 6/6 levels left

rFire   . . .        v - +3 war axe
rCold   . . .        (no shield)
rNeg    . . .        g - +1 chain mail
rPois   +            (helmet restricted)
rElec   .            (no cloak)
rCorr   .            (no gloves)
SInv    .            (no boots)
Will    +....        r - amulet of reflection Stlth
                     l - ring of poison resistance
HPRegen 0.30/turn    p - ring of willpower
MPRegen 0.10/turn

%: reflection
@: no status effects
A: horns 2, retaliatory headbutt
a: Renounce Religion, Berserk, Trog's Hand


You were on level 5 of the Dungeon.
You worshipped Trog.
Trog was most pleased with you.
You visited 1 branch of the dungeon, and saw 5 of its levels.

You collected 141 gold pieces.

Inventory:

Hand Weapons
 v - a +3 war axe (weapon)
Missiles
 j - 6 atropa-tipped darts (quivered)
 t - 3 curare-tipped darts
 u - 4 poisoned darts
Armour
 b - a +0 animal skin
 g - a +1 chain mail (worn)
Jewellery
 k - an amulet of the acrobat
 l - a ring of poison resistance (left hand)
 n - a +6 ring of dexterity
 p - a ring of willpower (right hand)
 r - an amulet of reflection (around neck)
Scrolls
 d - 2 scrolls of silence
 e - a scroll of torment
 h - a scroll of vulnerability
 m - 2 scrolls of teleportation
Potions
 f - 3 potions of attraction
 i - 2 potions of curing


   Skills:
 + Level 5.9 Fighting
 + Level 5.9 Axes
 + Level 5.3 Armour
 + Level 4.7 Dodging


You had 6 spell levels left.
You didn't know any spells.
Your spell library was empty.

Dungeon Overview and Level Annotations

Branches:
Dungeon (5/15)
 Temple: D:4-7

Altars:
Fedhas

Annotations:
D:5 Prince Ribbit


Innate Abilities, Weirdness & Mutations

You have a pair of horns on your head.
You reflexively headbutt those who attack you in melee.


Message History

A sleepcap comes into view.
You slash the ogre!
The ogre is moderately wounded.
You miss Prince Ribbit.
Prince Ribbit hits you but does no damage.
The ogre hits you with a +0 giant club!!
You slash the ogre!
The ogre is severely wounded.
You miss Prince Ribbit.
Prince Ribbit blinks!
You slash the ogre!
You kill the ogre!
Trog accepts your kill.
Prince Ribbit blinks!
The sleepcap releases spores at you.
You are engulfed in a cloud of soporific spores!
You fall asleep.
You wake up.
Things that are here:
a +0 giant club; an ogre corpse You hit the sleepcap.
You headbutt the sleepcap!
The sleepcap is heavily damaged.
The sleepcap releases spores at you.
You are engulfed in a cloud of soporific spores!
You are unaffected.
You hit the sleepcap.
The sleepcap is severely damaged.
The sleepcap barely misses you.
The sleepcap releases spores at you but does no damage.
Prince Ribbit catches a spider with his tongue.
Prince Ribbit hits you!
You hit the sleepcap but do no damage. You headbutt the sleepcap!
You destroy the sleepcap!
Trog accepts your kill.
You miss Prince Ribbit. Prince Ribbit hits you!
* * * LOW HITPOINT WARNING * * *
You hit Prince Ribbit.
Prince Ribbit is lightly wounded.
Prince Ribbit blinks!
Prince Ribbit hits you!
You die...

###### ###....###
####........##.
##..<...........
#..............#
##.......)......#
#.........ยง.....#
#.......@.........
#.......F.........
...................
...................
#..............[..
#................
#...............
###............


You could see Prince Ribbit.

Vanquished Creatures
  Eustachio (D:4)
  The ghost of Irreverend the Grave Robber, an amateur DENe (D:4)
  An ogre (D:5)
  A wyvern skeleton (D:4)
  A bullfrog zombie (D:4)
  A bullfrog skeleton (D:4)
  A hound (D:4)
  2 sleepcaps
  An orc wizard (D:4)
  A howler monkey zombie (D:4)
  4 adders
  3 dart slugs
  2 orcs (D:4)
  6 endoplasms
  A giant cockroach (D:2)
  A goblin (D:1)
  5 hobgoblins
  5 jackals
  2 quokkas
  4 ball pythons
  3 bats
  6 frilled lizards
  5 kobolds
  9 rats
67 creatures vanquished.

Notes
Turn   | Place    | Note
-------+----------+-------------------------------------------
     0 | D:1      | sampeng1 the Minotaur Berserker began the quest for the
                  | Orb.
     0 | D:1      | Reached XP level 1. HP: 19/19 MP: 0/0
    42 | D:1      | Reached XP level 2. HP: 27/27 MP: 1/1
   670 | D:2      | Reached XP level 3. HP: 28/33 MP: 2/2
   678 | D:2      | Reached ** piety under Trog
  1351 | D:3      | Reached XP level 4. HP: 41/41 MP: 3/3
  1459 | D:3      | Found a blossoming altar of Fedhas.
  1656 | D:3      | Identified the +9 mace of the Pit {drain, rElec rPois
                  | rCorr}
  1968 | D:4      | Reached XP level 5. HP: 41/47 MP: 4/4
  2195 | D:4      | Noticed Eustachio
  2212 | D:4      | Killed Eustachio
  2213 | D:4      | Reached skill level 5 in Fighting
  2213 | D:4      | Reached skill level 5 in Axes
  2213 | D:4      | Reached XP level 6. HP: 36/56 MP: 5/5
  2680 | D:4      | Found a runed translucent gate.
  2680 | D:4      | Found a runed translucent gate.
  2680 | D:4      | Found a runed translucent gate.
  2686 | D:4      | Noticed Irreverend's ghost (amateur DENe)
  2698 | D:4      | Killed Irreverend's ghost
  2701 | D:4      | Reached *** piety under Trog
  2702 | D:4      | Reached skill level 5 in Armour
  2706 | D:4      | Reached XP level 7. HP: 34/62 MP: 6/6
  2898 | D:5      | Entered Level 5 of the Dungeon
  2898 | D:5      | Noticed Prince Ribbit
  2911 | D:5      | Slain by Prince Ribbit

Illustrated notes

Levels and vault maps discovered:
D:1:      tarquinn_simple_flora_water_f, layout_basic
D:2:      layout_basic
D:3:      layout_basic, lemuel_doored_altar
D:4:      layout_loops_cross, gammafunk_ghost_necromancy, uniq_eustachio
D:5:      layout_cave_pods, mainiacjoe_overflow_boulevard, serial_column_ruins,
          column_ruins_hut, column_ruins_corridor_T, column_ruins_open_small,
          column_ruins_corridor_dead_end, column_ruins_columns_straight,
          column_ruins_open_tiny, chequers_serial_rivers_micro_a,
          uniq_prince_ribbit1

Skill      XL: |  1  2  3  4  5  6 |
---------------+-------------------+-----
Fighting       | 4 5 |  5.9
Axes           | 4 5 |  5.9
Armour         | 3 4 5 |  5.3
Dodging        | 3 4 |  4.7

Action                     |  1- 3 |  4- 6 |  7- 9 || total
---------------------------+-------+-------+-------++-------
  Melee: Hand axe          |    75 |    47 |       ||   122
         Headbutt          |     7 |    13 |     2 ||    22
         Punch             |       |     2 |       ||     2
         War axe           |       |    12 |     7 ||    19
 Invoke: Berserk           |       |     1 |       ||     1
    Use: Scroll            |     8 |     7 |       ||    15
         Potion            |     1 |     3 |       ||     4
 Armour: Animal skin       |     2 |       |       ||     2
         Chain mail        |    26 |    25 |     2 ||    53
  Dodge: Dodged            |    42 |    37 |     1 ||    80
  Block: Other             |       |     4 |       ||     4
